 Dungeon Crawl Stone Soup version 0.31-a0-564-g3b7de120b3 (webtiles) character file.

Game seed: 11004254826547286970

473 NinjaNoafa the Changeling (level 7, -14/70 HPs)
             Began as a Djinni Shapeshifter on Aug 17, 2023.
             Was an Initiate of the Shining One.
             Demolished by an ogre
             ... wielding a +0 giant spiked club
              (22 damage)
             ... on level 5 of the Dungeon.
             The game lasted 00:10:10 (3495 turns).

NinjaNoafa the Changeling (Djinni Shapeshifter)     Turns: 3495, Time: 00:10:11

Health: -14/70     AC: 23    Str: 16    XL:     7   Next: 32%
Gold:   289        EV:  2    Int: 10    God:    the Shining One [......] SH:  0 Dex: 13

rFire   . .          .
                       - Unarmed
rCold   + . .        (no shield)
rNeg    . . .        o - melded +0 leather armour
rPois   ∞            k - melded +0 helmet
rElec   .            (cloak currently unavailable)
rCorr   .            l - melded +2 pair of gloves
SInv    .            (boots unavailable)
Will    +....        (no amulet)
Stlth   +            p - ring of protection from cold
HPRegen 0.31/turn    v - ring of willpower
MPRegen 0.00/turn

%: infuse magic (-15 HP)
@: tree-form, glowing
A: stationary, stasis, torment immunity, boosted hp, sickness immunity, (fire
resistance 2), (cold vulnerability 1), float, innate caster, HP casting, extra
vitality 1
a: Renounce Religion


You were on level 5 of the Dungeon.
You worshipped the Shining One.
The Shining One was noncommittal.
You were a tree.
You visited 2 branches of the dungeon, and saw 6 of its levels.

You collected 289 gold pieces.

Inventory:

Missiles
 n - 2 boomerangs
 u - 5 datura-tipped darts
Armour
 k - a +0 helmet (melded)
 l - a +2 pair of gloves (melded)
 o - a +0 leather armour (melded)
Jewellery
 p - a ring of protection from cold (left branch)
 v - a ring of willpower (right branch)
Talismans
 c - a beast talisman
 d - a flux talisman
Scrolls
 a - a scroll of enchant armour {unknown}
 g - a scroll of vulnerability {unknown}
 i - 3 scrolls of teleportation
 j - a scroll of immolation {unknown}
 m - a scroll of noise {unknown}
 r - a scroll of amnesia {unknown}
 s - 2 scrolls of identify {unknown}
 t - 2 scrolls of fear {unknown}
 w - a scroll of enchant weapon {unknown}
Potions
 b - a potion of lignification
 e - 3 potions of curing
 f - a potion of brilliance {unknown}
 h - 2 potions of heal wounds {unknown}
 q - a potion of mutation {unknown}


   Skills:
 - Level 1.0 Fighting
 - Level 2.1 Dodging
 - Level 4.5 Unarmed Combat
 + Level 5.5 Shapeshifting


You knew the following spells:

 Your Spells              Type           Power      Damage    Failure   Level
a - Shock                 Conj/Air       0%         1d3       36%         1
b - Poisonous Vapours     Pois/Air       0%         N/A       50%         2
c - Ozocubu's Armour      Ice            0%         N/A       75%         3
Your spell library was empty.

Dungeon Overview and Level Annotations

Branches:
Dungeon (5/15) Zot: 26570  Temple (1/1) D:4 Zot: 5957

Altars:
Ashenzari
Dithmenos
Fedhas
Gozag
Makhleb
Nemelex Xobeh
Qazlal
Ru
Trog
Uskayaw
Wu Jian
Xom
Yredelemnul
Zin
The Shining One


Innate Abilities, Weirdness & Mutations

You are a tree.
Your roots penetrate the ground, keeping you stationary.
You cannot be teleported.
You are immune to unholy pain and torment.
Your maximum health is greatly increased.
Your equipment is partially melded.
You are immune to sickness and miasma.
You are immune to poison.
((Your flesh is very heat resistant. (rF++)))
((You are vulnerable to cold. (rC-)))
You float through the air rather than walking.
You learn spells naturally, not from books.
Your magical power is your life essence.
You have superior vitality. (+4 MHP)


Message History

The ice beast hits you but does no damage.
You hit the ice beast.
The ice beast glows dangerously bright.
The ice beast hits you. The ice beast freezes you.
You take 7 damage, and have 37/44 hp.
You hit the ice beast.
The ice beast shudders as magic cascades through it!
The ice beast twists and deforms.
The ice beast hits you but does no damage.
You closely miss the ice beast.
The ice beast hits you but does no damage.
You barely miss the ice beast. The ice beast hits you.
The ice beast freezes you!
You take 7 damage, and have 30/44 hp.
You hit the ice beast but do no damage.
The ice beast begins to glow.
The ice beast completely misses you.
You hit the ice beast.
The ice beast glows dangerously bright.
The ogre hits you with a +0 giant spiked club!
* * * LOW HITPOINT WARNING * * *
The ice beast hits you.
* * * LOW HITPOINT WARNING * * *
The ice beast freezes you.
* * * LOW HITPOINT WARNING * * *
You take 23 damage, and have 7/44 hp.
MASSIVE DAMAGE!!
Unknown command.
Your transformation has ended.
You turn into a tree.
Your +0 helmet melds into your body.
Your +2 pair of gloves melds into your body.
Your +0 leather armour melds into your body.
Your roots penetrate the ground.
The ice beast hits you but does no damage.
You now have 11/70 hp.
You hit the ice beast.
The ogre hits you with a +0 giant spiked club!
* * * LOW HITPOINT WARNING * * *
The ice beast hits you but does no damage.
You take 10 damage, and have 1/70 hp.
Unknown command.
It was a potion of curing.
You feel better.
The ogre hits you with a +0 giant spiked club!!
You die...

##.#####. ### #.......
..##...<..# .........##
#........# #.......#
#..OY...# #..♣....##
##.......... ##..
##..######.## ......
#######..## ##....
#.......## .... #.......#
... #......## #.
#......####################.
#........................###


You could see an ice beast (heavy contam, misshapen) and an ogre.

Vanquished Creatures
  3 scorpions
  A jelly (D:4)
  An orc priest (D:2)
  An orc wizard (D:2)
  3 iguanas
  6 adders
  A worm (D:2)
  2 dart slugs
  5 orcs
  5 bats
  6 endoplasms
  2 giant cockroaches
  5 goblins
  9 hobgoblins
  5 jackals (D:2)
  5 kobolds
  2 quokkas
  7 ball pythons
  6 frilled lizards
  9 rats
84 creatures vanquished.

Notes
Turn   | Place    | Note
-------+----------+-------------------------------------------
     0 | D:1      | NinjaNoafa the Djinni Shapeshifter began the quest for the
                  | Orb.
     0 | D:1      | Reached XP level 1. HP: 17/17 MP: 0/0
   140 | D:1      | Reached XP level 2. HP: 18/22 MP: 0/0
   328 | D:1      | Reached skill level 3 in Shapeshifting
   437 | D:1      | Reached XP level 3. HP: 24/27 MP: 0/0
   437 | D:1      | Learned a level 1 spell: Shock
   964 | D:2      | Reached XP level 4. HP: 29/32 MP: 0/0
  1979 | D:2      | Reached XP level 5. HP: 16/37 MP: 0/0
  1979 | D:2      | Learned a level 2 spell: Poisonous Vapours
  2438 | D:3      | Reached skill level 4 in Shapeshifting
  2810 | D:4      | Reached XP level 6. HP: 13/42 MP: 0/0
  3024 | D:4      | Reached skill level 5 in Shapeshifting
  3074 | D:4      | Found a staircase to the Ecumenical Temple.
  3078 | D:4      | Reached XP level 7. HP: 29/47 MP: 0/0
  3078 | D:4      | Learned a level 3 spell: Ozocubu's Armour
  3087 | Temple   | Entered the Ecumenical Temple
  3114 | Temple   | Became a worshipper of the Shining One
  3432 | D:5      | Entered Level 5 of the Dungeon
  3494 | D:5      | HP: 1/70 [ogre/+0 giant spiked club (10)]
  3495 | D:5      | Demolished by an ogre

Illustrated notes

Levels and vault maps discovered:
D:1:      tarquinn_simple_flora_water_f, layout_basic
D:2:      layout_basic
D:3:      cheibrodos_pilgrimage, layout_loops_corners, hangedman_decor_growths,
          minmay_unequal
D:4:      layout_basic, minmay_temple_entry_butterflies, minmay_between
D:5:      layout_rooms, nrook_uturn
Temple:   eino_narrow_crystal_temple

Skill      XL: |  1  2  3  4  5  6 |
---------------+-------------------+-----
Shapeshifting  | 3 4 5 |  5.5
Unarmed Combat | 4 |  4.5
Fighting       | |  1.0
Dodging        | |  2.1

Action                     |  1- 3 |  4- 6 |  7- 9 || total
---------------------------+-------+-------+-------++-------
  Melee: Unarmed           |    96 |   181 |    37 ||   314
         Punch             |     1 |       |       ||     1
    Use: Scroll            |       |     1 |       ||     1
         Potion            |       |       |     2 ||     2
   Stab: Sleeping          |     1 |       |       ||     1
 Armour: Animal skin       |    20 |    31 |       ||    51
         Leather armour    |       |    35 |    10 ||    45
         Skin              |       |       |     2 ||     2
  Dodge: Dodged            |    62 |   119 |    17 ||   198
   Form: Flux              |     2 |     2 |       ||     4
         Beast             |     2 |     1 |       ||     3
                           |     1 |     1 |       ||     2

Table legend: (Time is in decaauts)
 A = Elapsed time spent in this place.
 B = Non-inter-level travel time spent in this place.
 C = Inter-level travel time spent in this place.
 D = Time resting spent in this place.
 E = Time spent auto-exploring this place.
 F = Levels seen in this place.
 G = Mean time per level.
                   A        B        C        D        E       F      G
               +--------+--------+--------+--------+--------+-----+--------+
         Total |   3470 |   3270 |    200 |     84 |   2134 |   6 |  578.3 |
       Dungeon |   3428 |   3262 |    166 |     84 |   2134 |   5 |  685.6 |
        Temple |     42 |      8 |     34 |      0 |      0 |   1 |   42.0 |
               +--------+--------+--------+--------+--------+-----+--------+

Top non-repeatable levels by time:
     D:2: 1321 daAuts
     D:3: 786 daAuts
     D:1: 650 daAuts
     D:4: 608 daAuts
     D:5: 60 daAuts
  Temple: 42 daAuts
